AoeStats
← flynorc

Nomad

508004320Analyzed
4v4 RM · 11d ago on Sep 20, 2026· 25m 44s· 8 players
Game mode
Random Map
Map size
231×231
Population
200
Speed
Normal
Resources
Standard
Victory
Conquest
Starting age
Dark Age
Ending age
Imperial Age
RankedLock teamsTeams togetherTeam positionsShared explorationLock speedFull tech treeHidden civsTurbo modeCheats
Victory
Defeat
🇨🇳 Spanish · China
1599
+13
🇨🇳 Dravidians · China
1584
+14
🇨🇳 Burmese · China
1520
+16
🇹🇷 Wu · Türkiye
1485
+17
🇦🇷 Saracens · Argentina
1609
-18
🇦🇷 Persians · Argentina
1559
-16
🇳🇱 Vietnamese · Netherlands
1485
-13
🇦🇹 Italians · Austria
1482
-13
李雾月
4:56 Loom
14:36 Feudal Age
18:44 Castle Age
17:36 Horse Collar
18:25 Stone Mining
18:27 Gold Mining
Bz_
11:00 Loom
14:53 Feudal Age
19:20 Castle Age
17:56 Double-Bit Axe
19:33 Town Watch
20:16 Medium Warships
20:48 Bow Saw
jiraiona
14:27 Feudal Age
15:36 Double-Bit Axe
18:12 Castle Age
16:35 Stone Mining
19:12 Forging
19:10 Loom
19:11 Town Watch
20:01 Wheelbarrow
19:43 Medium Warships
19:49 Bow Saw
20:57 Fletching
20:52 Fishing Lines
22:29 Gillnets
23:55 Hand Cart
The Slayer
7:23 Loom
12:15 Feudal Age
16:02 Castle Age
14:37 Scale Mail Armor
14:56 Arson
16:58 Squires
18:19 Chain Mail Armor
25:58 Horse Collar
Lauta
12:16 Feudal Age
16:21 Double-Bit Axe
22:06 Castle Age
21:05 Horse Collar
22:59 Medium Warships
23:23 Bow Saw
Lancelot Knight
5:13 Loom
12:51 Feudal Age
17:05 Castle Age
15:27 Fletching
16:10 Double-Bit Axe
17:17 Town Watch
17:13 Crossbowman
17:54 Bodkin Arrow
20:26 Bow Saw
21:26 Horse Collar
flynorc
5:19 Loom
16:16 Feudal Age
17:06 Fishing Lines
20:45 Castle Age
19:25 Fletching
23:39 Castle Age
22:30 Double-Bit Axe
23:49 Forging
24:34 Medium Warships
24:42 Medium Warships
AttachedPoet380
7:54 Loom
13:53 Feudal Age
17:25 Castle Age
15:29 Double-Bit Axe
16:07 Gold Mining
16:05 Fishing Lines
16:17 Gold Mining
17:06 Stone Mining
18:22 Fletching
19:58 Horse Collar
21:12 Bodkin Arrow
Connection lost

Rejoining the realm…

Still unreachable

The connection could not be restored.

Session expired

The server has moved on; the page needs a fresh start.